 Dungeon Crawl Stone Soup version 0.31.0-2-g5a2aebc5c2 (webtiles) character file.

Game seed: 6316139109764698466

105 BigPumpCobain the Ruffian (level 4, -2/29 HPs)
             Began as an Octopode Shapeshifter on Jan 20, 2024.
             Slain by Sigmund
             ... wielding a +2 antimagic scythe
              (13 damage)
             ... on level 3 of the Dungeon.
             The game lasted 00:03:47 (1874 turns).

BigPumpCobain the Ruffian (Octopode Shapeshifter)   Turns: 1874, Time: 00:03:47

Health: -2/29      AC:  1    Str: 15    XL:     4   Next: 83%
Magic:  0/4        EV: 13    Int: 12    God:
Gold:   215        SH:  0    Dex: 11    Spells: 3/3 levels left

rFire   . .          .
                       - Unarmed
rCold   . . .        (no shield)
rNeg    . . .        (helmet currently unavailable)
rPois   .            k - amulet of regeneration
rElec   .            (no ring)
rCorr   .            (no ring)
SInv    .            (no ring)
Will    .....        (no ring)
Stlth   ++           (no ring)
HPRegen 1.04/turn    (no ring)
MPRegen 0.09/turn    (no ring)
                     (no ring)

%: no passive effects
@: confused, beast-form
A: beast (slay +2), almost no armour, amphibious, 8 rings, camouflage 1,
gelatinous body 1, (nimble swimmer 1), tentacles
a: Begin Untransformation


You were on level 3 of the Dungeon.
You were a hulking beast.
You visited 1 branch of the dungeon, and saw 3 of its levels.

You collected 215 gold pieces.

Inventory:

Missiles
 g - 2 boomerangs
 r - 6 darts of dispersal
Jewellery
 d - an amulet of faith
 k - an amulet of regeneration (around mantle)
Talismans
 b - a beast talisman
 c - a flux talisman
Wands
 e - a wand of flame (21)
Scrolls
 a - 2 scrolls of vulnerability
 f - a scroll of revelation
 h - a scroll of enchant weapon
 l - 2 scrolls of identify
Potions
 i - a potion of haste {unknown}
 j - a potion of curing
 m - a potion of enlightenment {unknown}
 n - 2 potions of magic {unknown}
 o - a potion of mutation {unknown}
 p - a potion of attraction {unknown}
 q - a potion of cancellation {unknown}


   Skills:
 + Level 2.3 Fighting
 - Level 2.0 Dodging
 * Level 4.3 Unarmed Combat
 + Level 3.5 Shapeshifting


You had 3 spell levels left.
You didn't know any spells.
Your spell library contained the following spells:

 Spells                   Type           Power      Damage    Failure   Level
 Ensorcelled Hibernation  Hex/Ice        0%         N/A       45%         2
 Passwall                 Erth           0%         N/A       69%         3
 Swiftness                Air            0%         N/A       69%         3


Dungeon Overview and Level Annotations

Branches:
Dungeon (3/15)

Altars:

Shops:
D:3 !

Annotations:
D:3 Sigmund


Innate Abilities, Weirdness & Mutations

You are a hulking beast.
Your limbs bulge with bestial killing power. (Slay +2)
You cannot wear most types of armour.
You are amphibious.
You can wear up to eight rings at the same time.
Your skin changes colour to match your surroundings (Stealth+).
Your rubbery body absorbs attacks. (AC +1, EV +1)
((You are camouflaged when in or above water. (Stealth+)))
You have tentacles for arms and can constrict up to eight enemies at once.


Message History

You tentacle-slap the orc priest but do no damage.
Sigmund gestures wildly while chanting.
Sigmund flickers and vanishes!
Deactivating autopickup; reactivate with Ctrl-A.
The orc priest hits you with a +0 short sword.
You bludgeon the orc priest!
The orc priest is severely wounded.
Something hits you.
The orc priest hits you with a +0 short sword.
You tentacle-slap the orc priest.
You kill the orc priest!
You bump into the rock wall.
Something barely misses you.
You feel less confused. Something hits you.
You tentacle-slap something.
Your tentacle-slap misses something.
Something hits you.
You feel your power leaking away.
You tentacle-slap something. Your squeeze misses something. Something hits you.
You miss something. Your squeeze misses something.
You completely miss something.
You hear some strange, mumbled words.
You are confused.
You bump into the rock wall.
Something hits you.
You feel better. Something hits you!
You feel your power leaking away. Something hits you.
* * * LOW HITPOINT WARNING * * *
You miss something. You squeeze something! You closely miss something.
You hear some strange, mumbled words.
You are confused.
You bump into the rock wall.
You hear some strange, mumbled words.
You are more confused.
You bump into the rock wall.
Something barely misses you.
You bump into the rock wall.
You hear some strange, mumbled words.
You are more confused.
You're too confused to move!
Something hits you!
You die...

♣.♣# #...# #..
♣♣.###.### #.....#
##.#### .# ##..#
.# ##..## #(###
#..########....
#.##......#..#
#.h{........#
####....(.#?######
.......<.@.......
....#######......
. ' ..... .... ...
.. .


There were no monsters in sight!

Vanquished Creatures
  An orc priest (D:3)
  Robin (D:2)
  An adder (D:2)
  A dart slug (D:1)
  2 orcs (D:2)
  2 bats
  2 endoplasms
  3 giant cockroaches
  13 goblins (D:2)
  2 hobgoblins (D:2)
  7 jackals
  A quokka (D:3)
  4 ball pythons
  A frilled lizard (D:2)
  3 kobolds
  2 rats
46 creatures vanquished.

Notes
Turn   | Place    | Note
-------+----------+-------------------------------------------
     0 | D:1      | BigPumpCobain the Octopode Shapeshifter began the quest for
                  | the Orb.
     0 | D:1      | Reached XP level 1. HP: 13/13 MP: 1/1
   209 | D:1      | Reached XP level 2. HP: 16/18 MP: 2/2
   760 | D:2      | Noticed Robin
   765 | D:2      | Reached XP level 3. HP: 8/23 MP: 3/3
   785 | D:2      | Killed Robin
   793 | D:2      | Reached XP level 4. HP: 29/29 MP: 4/4
  1044 | D:2      | Reached skill level 4 in Unarmed Combat
  1473 | D:3      | Noticed Sigmund
  1568 | D:3      | Found Hobucunt's Distillery.
  1805 | D:3      | Found a faded altar of an unknown god.
  1874 | D:3      | Slain by Sigmund

Illustrated notes

Levels and vault maps discovered:
D:1:      nagdon_arrival_zigzag_paths, layout_basic
D:2:      layout_basic, uniq_robin
D:3:      layout_basic, grunt_temple_overflow_open,
          shapermc_ecumenical_altar_totnotflames, serial_shops,
          nicolae_diamond_shop, uniq_sigmund

Skill      XL: |  1  2  3  4 |
---------------+-------------+-----
Fighting       | 2 |  2.3
Unarmed Combat | 4 |  4.3
Dodging        | |  2.0
Shapeshifting  | |  3.5

Action                     |  1- 3 |  4- 6 || total
---------------------------+-------+-------++-------
  Melee: Unarmed           |    56 |    30 ||    86
         Constrict         |     7 |     4 ||    11
         Tentacles         |     5 |     5 ||    10
  Throw: Boomerang         |       |     7 ||     7
         Dart              |       |     4 ||     4
    Use: Potion            |     1 |     1 ||     2
         Scroll            |       |     7 ||     7
   Stab: Sleeping          |     3 |     2 ||     5
         Distracted        |     1 |       ||     1
 Armour: Skin              |    37 |    20 ||    57
  Dodge: Dodged            |    23 |    24 ||    47
